 Dungeon Crawl Stone Soup version 0.24-a0-183-g8902462 (console) character file.

Game seed: 5040884654068270077

8 Duffy the Firebug (level 2, 1/17 HPs)
             Began as an Octopode Fire Elementalist on Mar 15, 2019.
             Was a Follower of Nemelex Xobeh.
             Quit the game on level 3 of the Dungeon.
             The game lasted 00:01:34 (438 turns).

Duffy the Firebug (Octopode Fire Elementalist)       Turns: 438, Time: 00:01:35

Health: 1/17       AC:  1    Str:  7    XL:     2   Next: 8%
Magic:  5/5        EV: 13    Int: 17    God:    Nemelex Xobeh [*.....]
Gold:   0          SH:  0    Dex: 12    Spells: 4/5 levels left

rFire    . . .     SeeInvis .   b - ration
rCold    . . .     Gourm    .   (no shield)
rNeg     . . .     Faith    .   (helmet restricted)
rPois    .         Spirit   .   (no amulet)
rElec    .         Reflect  .   (no ring)
rCorr    .         Harm     .   (no ring)
MR       .....                  (no ring)
Stlth    ++........             (no ring)
HPRegen  0.05/turn              (no ring)
MPRegen  0.09/turn              (no ring)
                                (no ring)
                                (no ring)

@: confused
A: almost no armour, stealthy swim, amphibious, 8 rings, constrict 8, camouflage
1, gelatinous body 1
a: Draw Escape, Draw Destruction, Draw Summoning, Renounce Religion


You were on level 3 of the Dungeon.
You worshipped Nemelex Xobeh.
Nemelex Xobeh was aware of your devotion.
You were not hungry.

You visited 1 branch of the dungeon, and saw 3 of its levels.

Inventory:

Comestibles
 b - a ration (in tentacle)


   Skills:
 - Level 2.0 Dodging
 - Level 2.6 Stealth
 - Level 2.0 Spellcasting
 + Level 2.1 Conjurations
 - Level 3.0 Fire Magic


You had 4 spell levels left.
You knew the following spells:

 Your Spells              Type           Power        Failure   Level  Hunger
h - Flame Tongue          Conj/Fire      ##...        7%          1    #......

Your spell library contained the following spells:

 Spells                   Type           Power        Failure   Level  Hunger
 Throw Flame              Conj/Fire      ##....       11%         2    ###....
 Conjure Flame            Conj/Fire      ##......     21%         3    ###....
 Inner Flame              Hex/Fire       #.......     30%         3    ###....
 Sticky Flame             Conj/Fire      ##......     56%         4    #####..
 Fireball                 Conj/Fire      ##........   88%         5    ######.


Dungeon Overview and Level Annotations

Branches:
Dungeon (3/15)

Altars:
Nemelex Xobeh

Annotations:
D:3 Grinder


Innate Abilities, Weirdness & Mutations

You cannot wear most types of armour.
You are very stealthy in the water. (Stealth+)
You are amphibious.
You can wear up to eight rings at the same time.
You can use your tentacles to constrict eight enemies at once.
Your skin changes colour to match your surroundings (Stealth+).
Your rubbery body absorbs attacks. (AC +1, EV +1)


Message History

You choke on the stench!
You are more confused.
Okay, then.
You are engulfed in noxious fumes.
You choke on the stench!
You are more confused.
The swamp drake breathes noxious fumes at you.
The noxious blast misses you.
You are engulfed in noxious fumes.
You choke on the stench!
You are more confused.
You are engulfed in noxious fumes.
You choke on the stench!
You are more confused.
An adder comes into view.
The swamp drake bites you!
You bump into the rock wall.
The swamp drake bites you.
You're too confused!
Unknown command.
Okay, then.
Okay, then.
The swamp drake misses you.
Are you sure you want to abandon this character and quit the game? (Confirm with "yes".)

#.......# #.#
#.# #.......#
#.. ...
#.......#####
### #(#
#...........#
#...>...###.# #
#.......# #.#
#####.##.......#
#.#
........####k###
#.#########
#######.# #@#
#.........# #.#
#...#
#########.#
#.......# #.###
#####...# #...(
##### #####


You could see a swamp drake.

Vanquished Creatures
  An ooze (D:3)
  A hobgoblin (D:3)
  A rat (D:3)
3 creatures vanquished.

Vanquished Creatures (collateral kills)
  A goblin (D:3)
1 creature vanquished.

Grand Total: 4 creatures vanquished

Notes
Turn   | Place    | Note
-------+----------+-------------------------------------------
     0 | D:1      | Duffy the Octopode Fire Elementalist began the quest for
                  | the Orb.
     0 | D:1      | Reached XP level 1. HP: 11/11 MP: 3/3
     8 | D:1      | You fall through a shaft!
   163 | D:3      | Noticed Grinder
   218 | D:3      | Reached XP level 2. HP: 17/17 MP: 0/5
   290 | D:3      | Found a faded altar of an unknown god.
   293 | D:3      | Became a worshipper of Nemelex Xobeh the Trickster
   293 | D:3      | Received a gift from Nemelex Xobeh
   293 | D:3      | Reached * piety under Nemelex Xobeh
   418 | D:3      | Noticed a scorpion
   422 | D:3      | Noticed a swamp drake
   422 | D:3      | a scorpion changed into a swamp drake
   438 | D:3      | Quit the game

Levels and vault maps discovered:
D:1:      dpeg_arrival_court, layout_basic, minmay_misc_feat_cross
D:2:      layout_rooms, marbit_many_paths, nicolae_overflow_crystal_walls,
          overflow_temple_1_default, lemuel_blue_sif_altar,
          okawaru_ov_weapons_minmay
D:3:      layout_loops_ring, chequers_ecumenical_altar_grove,
          cheibriados_altar_1, uniq_grinder

Skill      XL: |  1 |
---------------+----+-----
Conjurations   | 2 |  2.1
Dodging        | |  2.0
Stealth        | |  2.6
Spellcasting   | |  2.0
Fire Magic     | |  3.0

Action                   || total
-------------------------++-------
Melee: Tentacles         ||     1
 Cast: Flame Tongue      ||     9
 Abil: Draw Destruction  ||     5
       Draw Summoning    ||     3
  Use: Potion            ||     1
 Stab: Betrayed ally     ||     1
Dodge: Dodged            ||     7

Table legend:
 A = Non-vault XP
 B = Vault XP
 C = Vault XP percentage of total XP
 D = Non-vault monster count
 E = Vault monster count
 F = Vault count percentage of total count
                 A         B        C        D         E       F
            +---------+---------+-------+---------+---------+-------
      Total |      12 |       0 |   0.0 |       4 |       0 |   0.0
            +---------+---------+-------+---------+---------+-------
        D:3 |      12 |       0 |   0.0 |       4 |       0 |   0.0
            +---------+---------+-------+---------+---------+-------
